 Dungeon Crawl Stone Soup version 0.30-a0-939-gc8157cb160 (webtiles) character file.

Game seed: 595692735262962101

259 HoaS the Shooter (level 6, -8/35 (44) HPs)
             Began as a Formicid Hunter on Mar 25, 2023.
             Mangled by a gnoll sergeant
             ... wielding a +5 heavy trident
              (16 damage)
             ... on level 6 of the Dungeon.
             The game lasted 00:05:44 (3166 turns).

HoaS the Shooter (Formicid Hunter)                  Turns: 3166, Time: 00:05:45

HP:   -8/35 (44)    AC:  3    Str: 15    XL:     6   Next: 40%
MP:   6/6           EV: 12    Int:  9    God:
Gold: 161           SH:  0    Dex: 19    Spells: 5/5 levels left

rFire   . . .      SeeInvis +    a - +3 shortbow
rCold   . . .      Faith    .    (no shield)
rNeg    . . .      Spirit   .    c - +0 leather armour
rPois   .          Reflect  .    (helmet unavailable)
rElec   .          Rampage  .    (no cloak)
rCorr   .                        (no gloves)
Will    .....                    (no boots)
Stlth   ++                       (no amulet)
HPRegen 0.25/turn                (no ring)
MPRegen 0.10/turn                (no ring)

@: heavily drained
A: permanent stasis, dig shafts and tunnels, antennae 3, four strong arms
a: Dig, Shaft Self


You were on level 6 of the Dungeon.
You visited 1 branch of the dungeon, and saw 5 of its levels.

You collected 161 gold pieces.

Inventory:

Hand Weapons
 a - a +3 shortbow (weapon)
Armour
 c - a +0 leather armour (worn)
Wands
 d - a wand of charming (11)
 f - a wand of flame (20)
Scrolls
 b - 2 scrolls of immolation
 h - a scroll of identify
Potions
 e - a potion of brilliance {unknown}
 g - a potion of heal wounds
 i - 2 potions of curing


   Skills:
 - Level 2.1 Fighting
 + Level 7.2 Ranged Weapons
 - Level 1.7 Dodging
 - Level 1.2 Stealth


You had 5 spell levels left.
You didn't know any spells.
Your spell library contained the following spells:

 Spells                   Type           Power      Damage    Failure   Level
 Freeze                   Ice            0%         1d3       45%         1
 Slow                     Hex            0%         N/A       45%         1
 Lesser Beckoning         Tloc           0%         N/A       58%         2
 Confusing Touch          Hex            0%         N/A       83%         3
 Frozen Ramparts          Ice            0%         1d1       83%         3
 Gell's Gravitas          Tloc           0%         N/A       83%         3
 Hailstorm                Conj/Ice       0%         3d3       83%         3
 Teleport Other           Tloc           0%         N/A       83%         3
 Vampiric Draining        Necr           0%         2d6       83%         3


Dungeon Overview and Level Annotations

Branches:
Dungeon (6/15)
 Temple: D:4-7

Altars:
Makhleb

Annotations:
D:6 exclusion: ogre


Innate Abilities, Weirdness & Mutations

You cannot be hasted, slowed, berserked, paralysed or teleported.
You can dig through walls and to a lower floor.
You have a pair of large antennae on your head. (SInv)
Your four strong arms can wield two-handed weapons with a shield.


Message History

A gnoll sergeant comes into view. It is wielding a +5 heavy trident.
You shoot an arrow. The arrow closely misses the gnoll.
A gnoll comes into view. It is wielding a +0 spear.
The gnoll shouts!
You hear a shout!
There is an open door here.
Things that are here:
a +2 heavy spear; a gnoll corpse
Okay, then.
Things that are here:
a +0 flail; a gnoll corpse You extend your mandibles.
You dig through the rock wall.
You feel drained.
You dig through the rock wall.
You feel drained.
You dig through the rock wall.
You feel drained.
You dig through the rock wall.
You feel drained.
You dig through the rock wall.
You feel drained.
You start waiting.
A gnoll is nearby!
Unknown command.
You shoot an arrow. The arrow barely misses the gnoll.
The gnoll hits you with a +0 spear!
You shoot an arrow. The arrow hits the gnoll.
The gnoll is lightly wounded.
The gnoll completely misses you.
You shoot an arrow. The arrow barely misses the gnoll.
The gnoll completely misses you.
You shoot an arrow. The arrow hits the gnoll!
The gnoll is almost dead.
The gnoll hits you with a +0 spear.
You shoot an arrow. The arrow hits the gnoll!
You kill the gnoll!
You shoot an arrow.
The arrow hits the gnoll sergeant but does no damage.
The gnoll sergeant hits you with a +5 heavy trident!
* * * LOW HITPOINT WARNING * * *
You are too injured to fight recklessly!
You retract your mandibles.
You shoot an arrow. The gnoll sergeant blocks the arrow.
The gnoll sergeant hits you with a +5 heavy trident!
You die...

#.....#####.#.#..###..##.## #
..............#...........# #
..............#...........# #
..............#..|........# #
.. ..#........#...........###
#
.................g##........#
# ..O.
#......................# #
#.........##g##........# #
#.........#@#.#........# #
#.........####.........# #
#.........###.#........#####
#.........{)))..............
######..####################
# #######..#### #...........#
####.##........# ########
.....+..g..รท..### #.......


You could see a gnoll sergeant and a gnoll.

Vanquished Creatures
  An ice beast (D:6)
  A sleepcap (D:3)
  5 gnolls (D:6)
  3 adders
  A shadow imp (D:3)
  2 dart slugs
  An orc (D:6)
  6 ball pythons
  5 bats
  4 endoplasms
  A giant cockroach (D:3)
  5 goblins
  5 hobgoblins
  6 kobolds
  2 quokkas
  2 rats
50 creatures vanquished.

Notes
Turn   | Place    | Note
-------+----------+-------------------------------------------
     0 | D:1      | HoaS the Formicid Hunter began the quest for the Orb.
     0 | D:1      | Reached XP level 1. HP: 16/16 MP: 1/1
    74 | D:1      | Found a faded altar of an unknown god.
   160 | D:1      | Reached XP level 2. HP: 22/22 MP: 2/2
   649 | D:2      | Reached XP level 3. HP: 21/27 MP: 3/3
   833 | D:2      | You fall into a shaft and drop 2 floors!
  1042 | D:4      | Noticed a bullfrog
  1047 | D:3      | Reached skill level 5 in Ranged Weapons
  1113 | D:3      | Reached XP level 4. HP: 18/33 MP: 4/4
  1310 | D:3      | Found a burning altar of Makhleb.
  2083 | D:3      | Reached skill level 6 in Ranged Weapons
  2083 | D:3      | Reached XP level 5. HP: 23/38 MP: 5/5
  2671 | D:4      | Noticed an ice beast
  2678 | D:3      | You fall into a shaft and drop 3 floors!
  2693 | D:6      | Noticed an ogre
  2894 | D:6      | Noticed an ice beast
  2910 | D:6      | Killed an ice beast
  2911 | D:6      | Reached XP level 6. HP: 34/44 MP: 6/6
  2991 | D:6      | Reached skill level 7 in Ranged Weapons
  3166 | D:6      | Mangled by a gnoll sergeant

Illustrated notes

Levels and vault maps discovered:
D:1:      spicycebolla_green_bress_n_ham, layout_basic,
          nicolae_ecumenical_snake_handling
D:2:      minmay_recursive_quarters, layout_loops_ring
D:3:      layout_loops_corners, lemuel_coloured_pillars_altar
D:4:      layout_basic, kennysheep_cluttered_room
D:6:      layout_basic, lemuel_temple_firewalk_b, minivault_1, st_stairs_6

Skill      XL: |  1  2  3  4  5  6 |
---------------+-------------------+-----
Ranged Weapons | 5 6 7 |  7.2
Fighting       | |  2.1
Dodging        | |  1.7
Stealth        | |  1.2

Action                     |  1- 3 |  4- 6 || total
---------------------------+-------+-------++-------
   Fire: Shortbow          |    61 |    71 ||   132
Ability: Dig               |     2 |     1 ||     3
         Shaft Self        |       |     1 ||     1
    Use: Scroll            |     7 |     6 ||    13
 Armour: Leather armour    |    26 |     4 ||    30
  Dodge: Dodged            |    29 |    21 ||    50

Table legend: (Time is in decaauts)
 A = Elapsed time spent in this place.
 B = Non-inter-level travel time spent in this place.
 C = Inter-level travel time spent in this place.
 D = Time resting spent in this place.
 E = Time spent auto-exploring this place.
 F = Levels seen in this place.
 G = Mean time per level.
                   A        B        C        D        E       F      G
               +--------+--------+--------+--------+--------+-----+--------+
         Total |   3202 |   3035 |    167 |    402 |   2235 |   5 |  640.4 |
       Dungeon |   3202 |   3035 |    167 |    402 |   2235 |   5 |  640.4 |
               +--------+--------+--------+--------+--------+-----+--------+

Top non-repeatable levels by time:
     D:3: 1086 daAuts
     D:2: 753 daAuts
     D:1: 654 daAuts
     D:6: 493 daAuts
     D:4: 214 daAuts
